 Dungeon Crawl Stone Soup version 0.21.1-1-g345015f (webtiles) character file.

94 microfolk the Digger (level 4, 0/24 HPs)
             Began as a Gargoyle Earth Elementalist on Apr 24, 2018.
             Killed from afar by an orc wizard (10 damage)
             ... with a puff of flame
             ... on level 3 of the Dungeon.
             The game lasted 00:05:35 (3060 turns).

microfolk the Digger (Gargoyle Earth Elementalist)  Turns: 3060, Time: 00:05:36

Health: 0/24       AC:  5    Str: 11    XL:     4   Next: 63%
Magic:  7/8        EV: 12    Int: 17    God:
Gold:   191        SH:  0    Dex: 10    Spells: 2/8 levels left

rFire    . . .     SeeInvis .   t - +0 mace
rCold    . . .     Gourm    .   (no shield)
rNeg     + . .     Faith    .   c - +0 robe
rPois    ∞         Spirit   .   (no helmet)
rElec    +         Reflect  .   (no cloak)
rCorr    .         Harm     .   (no gloves)
MR       .....                  (no boots)
Stlth    ++........             h - amulet of magic regeneration
HPRegen  0.08/turn              (no ring)
MPRegen  0.36/turn              (no ring)

@: no status effects
A: negative energy resistance 1, electricity resistance, unbreathing,
petrification resistance, rot immunity, AC +3
a: no special abilities


You were on level 3 of the Dungeon.
You were not hungry.

You visited 1 branch of the dungeon, and saw 4 of its levels.

You collected 191 gold pieces.

Inventory:

Hand Weapons
 t - a +0 mace (weapon)
Missiles
 b - 144 stones (quivered)
 f - a throwing net
Armour
 c - a +0 robe (worn)
Jewellery
 h - an amulet of magic regeneration (around neck)
Wands
 q - a wand of enslavement (20)
 w - a wand of paralysis (6)
Scrolls
 a - a scroll of enchant weapon {unknown}
 k - a scroll of immolation
 l - a scroll of random uselessness {unknown}
 m - a scroll of identify {unknown}
 o - 3 scrolls of magic mapping
 p - a scroll of remove curse
Potions
 g - a potion of might {unknown}
 i - a potion of flight {unknown}
 j - 2 potions of curing {unknown}
 n - a potion of lignification {unknown}
 r - a potion of berserk rage {unknown}
 u - a potion of resistance {unknown}
 v - 2 potions of agility
Books
 e - a book of Geomancy

   Spells                             Type                      Level
   a - Sandblast                      Earth                        1
   b - Passwall                       Transmutation/Earth          2
   c - Stone Arrow                    Conjuration/Earth            3
   d - Petrify                        Transmutation/Earth          4
   e - Lee's Rapid Deconstruction     Earth                        5
Comestibles
 d - 9 rations
 s - a chunk of flesh


   Skills:
 - Level 2.0 Dodging
 - Level 2.1 Stealth
 + Level 2.8 Spellcasting
 - Level 0.7 Transmutations
 * Level 5.4 Earth Magic


You had 2 spell levels left.
You knew the following spells:

 Your Spells              Type           Power        Failure   Level  Hunger
a - Sandblast             Erth           ###...       1%          1    #......
b - Passwall              Tmut/Erth      ##........   8%          2    ##.....
c - Stone Arrow           Conj/Erth      ##....       17%         3    ###....


Dungeon Overview and Level Annotations

Branches:
Dungeon (4/15)
 Temple: D:4-7

Altars:
Vehumet


Innate Abilities, Weirdness & Mutations

You are resistant to torment.
Your stone body is resilient. (AC +3)
You are immune to poison.
You resist negative energy. (rN+)
You are resistant to electric shocks. (rElec)
You can survive without breathing.
You are immune to petrification.
You are immune to rotting.


Message History

Press: ? - help, Shift-Dir - straight line, f/p - orc
Aim: an orc (severely wounded)
The blast of sand hits the orc.
You kill the orc!
b - 145 stones
Casting: Sandblast
Confirm with . or Enter, or press ? or * to list all spells.
Aiming: Sandblast
Press: ? - help, Shift-Dir - straight line, f - orc
Aim: an orc, wielding a falchion The blast of sand hits the orc.
You kill the orc!
b - 144 stones You hear some strange, mumbled words.
Something tries to affect you, but you resist.
You start resting.
You hear some strange, mumbled words.
A puff of flame appears from out of thin air!
The puff of flame hits you!
You die...

####.#.#.#...#...................
##.#####.###.............#.###
#........###.........##÷#.#
######.##[#.#.####...##.#.#
#.##....#.....#......# #####
#.##.<##.###....##...#
####...###.##..##.# #.#.#####.#
.<.........##..##.###.#.# #.#
.###....##.##[>)@.......# #.# .#
#.....#.##.###.###.### #.# )#
#..............###.# ##.## .#
#................#.######...##
.####...##.##.#####..........#...
........##.##.#######.######...##
.####.####....................##
## ##.#######.######### (.
#......>..#


There were no monsters in sight!

Vanquished Creatures
  The ghost of darumender the Cudgeler, a weakling DsBe of Trog (D:3)
  An adder (D:2)
  A worm (D:3)
  3 dart slugs
  A leopard gecko (D:3)
  8 orcs (D:3)
  9 bats
  4 goblins
  7 hobgoblins
  2 quokkas
  A ball python (D:2)
  5 frilled lizards
  4 kobolds
  4 rats (D:1)
51 creatures vanquished.

Notes
Turn   | Place    | Note
-------+----------+-------------------------------------------
     0 | D:1      | microfolk the Gargoyle Earth Elementalist began the quest for the Orb.
     0 | D:1      | Reached XP level 1. HP: 10/10 MP: 3/3
   228 | D:1      | Reached skill level 4 in Earth Magic
   228 | D:1      | Reached XP level 2. HP: 11/15 MP: 1/5
  1195 | D:2      | Reached XP level 3. HP: 19/19 MP: 4/6
  1369 | D:2      | Learned a level 2 spell: Passwall
  1373 | D:2      | Learned a level 3 spell: Stone Arrow
  1557 | D:2      | Found a radiant altar of Vehumet.
  1834 | D:3      | Noticed darumender's ghost (weakling DsBe)
  2540 | D:3      | Reached XP level 4. HP: 24/24 MP: 4/7
  2551 | D:3      | Reached skill level 5 in Earth Magic
  2566 | D:3      | Killed darumender's ghost
  3060 | D:3      | Killed from afar by an orc wizard

Skill      XL: |  1  2  3  4 |
---------------+-------------+-----
Earth Magic    | 4 5 |  5.4
Dodging        | 2 |  2.0
Stealth        | |  2.1
Spellcasting   | |  2.8
Transmutations | |  0.7

Action                   |  1- 3 |  4- 6 || total
-------------------------+-------+-------++-------
Melee: Dagger            |   181 |       ||   181
       Mace              |     9 |    26 ||    35
 Cast: Sandblast         |    26 |    15 ||    41
  Use: Scroll            |     3 |       ||     3
 Stab: Sleeping          |     3 |       ||     3
  Eat: Chunk             |     6 |     1 ||     7
Armor: Robe              |    64 |    13 ||    77
Dodge: Dodged            |   165 |    35 ||   200
